 Dungeon Crawl Stone Soup version 0.24.0-123-gd5b16e6ec5 (webtiles) character file.

Game seed: 5902600468685535218, levelgen mode: deterministic

1348 Bluestream the Cleaver (level 8, 0/78 HPs)
             Began as a Hill Orc Fighter on Feb 4, 2020.
             Was a Believer of Makhleb.
             Succumbed to an adder's poison
             ... on level 6 of the Dungeon.
             The game lasted 00:09:04 (4616 turns).

Bluestream the Cleaver (Hill Orc Fighter)           Turns: 4616, Time: 00:09:04

Health: 0/78       AC: 10    Str: 21    XL:     8   Next: 63%
Magic:  8/8        EV:  7    Int:  8    God:    Makhleb [**....]
Gold:   338        SH:  9    Dex: 10    Spells: 7/7 levels left

rFire    . . .     SeeInvis .   a - +0 war axe
rCold    + . .     Gourm    .   c - +0 shield
rNeg     . . .     Faith    .   b - +0 scale mail
rPois    .         Spirit   .   (no helmet)
rElec    .         Reflect  .   G - +0 cloak
rCorr    .         Harm     .   w - +0 pair of gloves
MR       .....                  g - +0 pair of boots
Stlth    ..........             (no amulet)
HPRegen  0.23/turn              z - ring of flight
MPRegen  0.11/turn              E - ring of protection from cold

@: lethally poisoned (0 -> -1), slowed, very slow
A: no striking features
a: Minor Destruction, Renounce Religion, Evoke Flight


You were on level 6 of the Dungeon.
You worshipped Makhleb.
Makhleb was pleased with you.
You were not hungry.

You visited 2 branches of the dungeon, and saw 7 of its levels.
You also visited: Sewer.

You collected 338 gold pieces.

Inventory:

Hand Weapons
 a - a +0 war axe (weapon)
Armour
 b - a +0 scale mail (worn)
 c - a +0 shield (worn)
 g - a +0 pair of boots (worn)
 w - a +0 pair of gloves (worn)
 A - a +0 large shield
 G - a +0 cloak (worn)
Jewellery
 z - a ring of flight (left hand)
 E - a ring of protection from cold (right hand)
Wands
 r - a wand of disintegration (16)
 C - a wand of iceblast (3)
Scrolls
 h - 4 scrolls of teleportation
 i - 7 scrolls of identify
 j - 2 scrolls of remove curse
 n - 2 scrolls of amnesia {unknown}
 o - a scroll of enchant weapon {unknown}
 p - 2 scrolls of magic mapping {unknown}
 q - 2 scrolls of random uselessness {unknown}
 s - 2 scrolls of immolation {unknown}
 x - 2 scrolls of enchant armour {unknown}
 y - a scroll of noise {unknown}
 B - a scroll of fear {unknown}
 D - a scroll of blinking {unknown}
Potions
 d - 2 potions of might
 e - 3 potions of brilliance {unknown}
 k - 4 potions of curing
 l - 2 potions of magic {unknown}
 m - 2 potions of lignification {unknown}
 t - a potion of haste {unknown}
 u - a potion of mutation {unknown}
 v - 5 potions of flight
 F - 2 potions of degeneration {unknown}
Comestibles
 f - 12 rations


   Skills:
 + Level 9.4 Fighting
 + Level 9.8 Axes
 - Level 3.2 Armour
 - Level 3.2 Shields


You had 7 spell levels left.
You didn't know any spells.
Your spell library contained the following spells:

 Spells                   Type           Power        Failure   Level  Hunger
 Corona                   Hex            #......      99%         1    ##.....
 Ensorcelled Hibernation  Hex/Ice        #.....       100%        2    ###....
 Shroud of Golubria       Chrm/Tloc      #.....       100%        2    ###....
 Confuse                  Hex            #.......     100%        3    ####...
 Dazzling Spray           Conj/Hex       #.....       100%        3    ####...
 Recall                   Summ/Tloc      N/A          100%        3    ####...
 Spectral Weapon          Hex/Chrm       #.......     100%        3    ####...
 Tukima's Dance           Hex            #.......     100%        3    ####...
 Passage of Golubria      Tloc           N/A          100%        4    #####..
 Dispersal                Tloc           #.........   100%        6    #######


Dungeon Overview and Level Annotations

Branches:
Dungeon (6/15)             Temple (1/1) D:4           Sewer (visited)

Altars:
Ashenzari
Cheibriados
Dithmenos
Fedhas
Gozag
Hepliaklqana
Kikubaaqudgha
Makhleb
Qazlal
Sif Muna
Trog
Uskayaw
Wu Jian
Xom
Yredelemnul
Zin
The Shining One

Shops:
D:5 *


Message History

You hit something.
You feel sick.
The orc warrior hits you with a +0 dire flail!
* * * LOW HITPOINT WARNING * * *
The orc wizard hits you but does no damage.
Something hits you but does no damage. You block the orc warrior's attack.
The orc wizard hits you but does no damage.
You hit the orc warrior.
The orc warrior is almost dead.
You closely miss something. You barely miss the orc wizard.
You block the orc wizard's attack. You block something's attack.
The orc warrior hits you with a +0 dire flail!
* * * LOW HITPOINT WARNING * * *
The orc wizard casts a spell.
The orc wizard blinks!
Something hits you.
* * * LOW HITPOINT WARNING * * *
You slash the orc warrior!
You kill the orc warrior!
Makhleb accepts your kill.
You miss something.
You die...

#. .# #o#####.# #.......#
#.......# #......[#
...#.......#####
.###..#...ยง){......
#..........#.# #@....#
.............###.....#
.................>###
.... ......###.## ##..#
##....##.# . ...# #...#
#.# ..##.######...# #.#
..............###.#######
..##.##.....#............


You could see an orc wizard.

Vanquished Creatures
  Sigmund (D:5)
  3 phantoms
  An orc warrior (D:6)
  2 ogres (D:5)
  A big kobold (D:4)
  A scorpion (D:5)
  A jelly (D:6)
  Crazy Yiuf (D:5)
  2 hounds
  A bullfrog skeleton (D:6)
  Natasha (thrice) (D:4)
  An iguana (D:5)
  A merfolk avatar (Sewer)
  A merfolk siren (Sewer)
  A worker ant (D:5)
  A hound skeleton (D:4)
  A worker ant zombie (D:5)
  6 adders
  4 river rats
  An ooze (D:1)
  2 worms
  10 leopard geckos
  6 orcs
  8 ball pythons
  19 giant cockroaches
  11 goblins
  13 hobgoblins
  4 jackals (D:5)
  6 quokkas
  5 bats
  3 frilled lizards
  A giant cockroach zombie (D:5)
  2 kobolds
  28 rats
152 creatures vanquished.

Notes
Turn   | Place    | Note
-------+----------+-------------------------------------------
     0 | D:1      | Bluestream the Hill Orc Fighter began the quest for the
                  | Orb.
     0 | D:1      | Reached XP level 1. HP: 19/19 MP: 1/1
    56 | D:1      | Reached XP level 2. HP: 22/27 MP: 2/2
   656 | D:1      | Reached XP level 3. HP: 34/34 MP: 3/3
  1116 | D:2      | Reached XP level 4. HP: 41/41 MP: 4/4
  1352 | D:3      | Reached skill level 5 in Fighting
  1468 | D:3      | Found a faded altar of an unknown god.
  2017 | D:4      | Noticed a phantom
  2021 | D:4      | Reached skill level 5 in Axes
  2021 | D:4      | Reached XP level 5. HP: 48/48 MP: 5/5
  2097 | D:4      | Killed a phantom
  2124 | D:4      | Noticed a big kobold
  2141 | D:4      | Killed a big kobold
  2141 | D:4      | Reached XP level 6. HP: 50/58 MP: 6/6
  2189 | D:4      | Found a staircase to the Ecumenical Temple.
  2202 | Temple   | Entered the Ecumenical Temple
  2293 | Temple   | Became a worshipper of Makhleb the Destroyer
  2317 | D:4      | Noticed a phantom
  2336 | D:4      | Killed a phantom
  2447 | D:4      | Found a glowing drain.
  2453 | Sewer    | Entered a sewer
  2561 | Sewer    | Reached * piety under Makhleb
  2571 | Sewer    | Reached XP level 7. HP: 66/66 MP: 7/7
  3106 | D:4      | Noticed Natasha
  3113 | D:4      | Killed Natasha
  3166 | D:4      | Noticed Natasha
  3174 | D:4      | Killed Natasha
  3184 | D:4      | Noticed Natasha
  3194 | D:4      | Killed Natasha
  3194 | D:4      | Reached ** piety under Makhleb
  3485 | D:5      | Entered Level 5 of the Dungeon
  3522 | D:5      | Noticed Sigmund
  3532 | D:5      | Killed Sigmund
  3567 | D:5      | Found Zin's Purification Station.
  3582 | D:5      | Found a glowing silver altar of Zin.
  3605 | D:5      | Identified the Volume of Orientation and Enhancements
  3644 | D:5      | Reached XP level 8. HP: 72/75 MP: 8/8
  4347 | D:5      | Found a runed translucent door.
  4348 | D:5      | Noticed Crazy Yiuf
  4357 | D:5      | Killed Crazy Yiuf
  4615 | D:6      | HP: 2/78 [orc warrior/+0 dire flail (10)]
  4616 | D:6      | Succumbed to an adder's poison

Levels and vault maps discovered:
D:1:      onia_arrival_mini_maze, layout_basic
D:2:      minmay_roachtagon, layout_basic, chequers_serial_rivers_large_a,
          minmay_misc_feat_cross, minmay_hexomino_p4
D:3:      layout_loops_ring, first_ration, chequers_ecumenical_altar_island
D:4:      layout_basic, minmay_temple_entry_overgrown, gup_sewer_entry_bubbles,
          grunt_tough_drop, uniq_natasha
D:5:      layout_gridville, zin_purify, uniq_sigmund, uniq_crazy_yiuf_cottage
D:6:      lemuel_ice_spiral_2, layout_basic, kb_xom_exploding_sheep
Temple:   lightli_temple_of_artemis

Skill      XL: |  1  2  3  4  5  6  7  8 |
---------------+-------------------------+-----
Axes           | 3 4 5 6 7 8 9 |  9.8
Fighting       | 4 5 6 7 8 9 |  9.4
Armour         | |  3.2
Shields        | |  3.2

Action                   |  1- 3 |  4- 6 |  7- 9 || total
-------------------------+-------+-------+-------++-------
Melee: War axe           |   111 |   216 |   180 ||   507
  Use: Scroll            |     2 |       |       ||     2
  Eat: Chunk             |     1 |     5 |     7 ||    13
Armor: Scale mail        |    40 |    89 |    88 ||   217
Dodge: Dodged            |    37 |    61 |    42 ||   140
Block: Shield            |    47 |   105 |    83 ||   235
